← All builds
Geo / Armada / Economy first / OBSERVED BUILD

Standard geo

Armada Geo build order · Supreme Isthmus

Standard Geo economy into T2 constructor and Starlight/Jaguar units sent to front as usual, with support built for teammates along the way.

Usually blows up the commander for T2 (72%)

#eco #t2 #team support · 1340 distinct matches · 236 players · 55% of Armada Geo games · team won 55% of 1561 · Recently observed

HOW TO PLAY IT

Key timing: T2 constructor by 4:55

  1. Open 2 mex and wind, then Bot Lab by 0:35.
  2. Rush geothermal powerplant to fund T2 ahead of other roles.
  3. Get T2 constructor out to start building T2 units.
  4. Add Vehicle Plant and Advanced Geothermal for the T2 push.
  5. Fly first Starlight to front with a transport from Air.

Phase by phase

TYPICAL OF ITS 1340 GAMES
  1. 1
  2. 2
  3. 3
  4. 4
PLAY THE OPENING

Follow the example game's first 6:00 step by step: what to build now, what comes next, and where it goes. At 1× it keeps pace with your own game.

  1. 1

    Up to the Bot Lab

    Economy
    • Metal Extractor3Mex
    • Wind Turbine4Wind
    Order
    1. Bot LabBot Lab after 3 mex, 4 winddone ~1:12, middle half 0:58–1:21

    By 0:55 in all: 3 mex · 4 wind

    The example game in this phase · 3 steps
    1. Mex ×3
    2. Wind ×3
    3. Bot LabBot Labdone 1:11 · typical 1:12
  2. 2

    Bot Lab to 5:00

    Economy
    • Metal Extractor2Mex
    • Wind Turbine3Wind
    • Energy Converter8Converter
    • Energy Storage1Energy storage
    Order
    1. Geothermal PowerplantGeo after 4 mex, 5 wind, 1 energy storage
    2. Bot LabEat Bot Lab
    Builders
    • Construction Turret5 Con turret
    • Lazarus4 Lazarus
    • Construction Bot2 Con bot
    • Construction Bot1 Con bot for allies
    • Lazarus1 Lazarus for allies

    By 5:00 in all: 4 mex · 7 wind · 1 geo · 8 converter · 1 energy storage · 5 con turret

    The example game in this phase · 31 steps
    1. Wind
    2. LazarusLazarus
    3. Wind
    4. PawnPawnfor Beach sea
    5. Wind
    6. LazarusLazarus
    7. Wind
    8. Construction BotCon bot
    9. Wind
    10. PawnPawn
    11. Wind
    12. Energy storage
    13. Con turret
    14. LazarusLazarusfor Beach sea
    15. Construction BotCon botfor Beach sea
    16. LazarusLazarus
    17. Mex
    18. Construction BotCon bot
    19. LazarusLazarus
    20. Construction BotCon bot
    21. Con turret ×2
    22. LazarusLazarus
    23. Geothermal PowerplantGeodone 4:35 · typical 3:29
    24. Bot LabEat Bot Labreclaimed for its metal
    25. Wind ×3
    26. Con turret
    27. Wind
    28. Converter
    29. Advanced Metal ExtractorT2 mexdone 5:34 · typical 5:38
    30. Converter
    31. Wind
  3. 3

    5:00 to Vehicle Plant

    Order
    1. Advanced Geothermal PowerplantAdvanced Geothermal Powerplant after 8 wind, 10 converter, 6 con turretin 57% of games
    2. Vehicle PlantVehicle Plant after 9 wind, 10 converter, 6 con turretdone ~7:06, middle half 6:39–7:32

    Some games also: con turret (49%) · converter (48%) · wind (41%)

    By 6:56 in all: 4 mex · 9 wind · 1 geo · 1 Advanced Geothermal Powerplant · 10 converter · 1 energy storage

    The example game in this phase · 12 steps
    1. Converter
    2. Advanced Metal ExtractorT2 mex
    3. Wind ×2
    4. Converter ×2
    5. Advanced Metal ExtractorT2 mex
    6. Con turret
    7. Wind
    8. Advanced Geothermal PowerplantAdvanced Geothermal Powerplantdone 7:29 · typical 7:11
    9. Mexfor Beach sea
    10. Wind
    11. Advanced Metal ExtractorT2 mex
    12. Wind
  4. 4

    Vehicle Plant to 10:00

    Economy
    • Wind Turbine5Wind
    • Energy Converter4Converter
    Order
    1. Advanced Vehicle PlantAdvanced Vehicle Plant after 10 wind, 11 converter, 6 con turret
    2. Vehicle PlantEat Vehicle Plant
    Builders
    • Construction Vehicle1 Con vehicle
    • Advanced Construction Vehicle1 T2 con vehicle for allies
    Army
    • Starlight2 Starlight
    • Umbra1 Jammer
    • Prophet1 Radar vehicle

    Some games also: con turret (48%) · Jaguar (36%)

    By 10:00 in all: 4 mex · 18 wind · 1 geo · 1 Advanced Geothermal Powerplant · 16 converter · 1 energy storage

    The example game in this phase · 39 steps
    1. Wind
    2. Con turret
    3. Hovercraft PlatformHovercraft Platformdone 7:36
    4. Wind
    5. Converter
    6. Wind
    7. Converter
    8. SeekerSeeker
    9. Construction HovercraftCon hovercraft
    10. Wind
    11. Converter
    12. SeekerSeeker
    13. Advanced Vehicle PlantAdvanced Vehicle Plantdone 8:24 · typical 8:01
    14. Wind
    15. Converter
    16. SeekerSeeker
    17. Converter
    18. SeekerSeeker
    19. Wind
    20. SeekerSeeker
    21. Construction HovercraftCon hovercraft
    22. Hovercraft PlatformEat Hovercraft Platformreclaimed for its metal
    23. Converter
    24. Advanced Construction VehicleT2 con vehiclefor Front
    25. Wind
    26. Converter ×2
    27. Wind
    28. UmbraJammer
    29. Converter
    30. Wind
    31. StarlightStarlightdone 9:04 · typical 9:04
    32. Advanced Construction VehicleT2 con vehicle
    33. Converter
    34. StarlightStarlight
    35. Converter
    36. Aircraft PlantAircraft Plantdone 9:42
    37. Con turret
    38. StarlightStarlight
    39. Con turret ×2

Counts are medians over the build's games: half of them build more, half fewer. The example game is Vaticineur's (34 OS, 14/10/2026); pick another.

Team trades

IN AT LEAST 30% OF ITS GAMES

You hand over

  • Lazarus1 Lazarus to Beach seafirst at 2:17 · in 75% of games
  • Construction Bot1 Con bot to Beach seafirst at 2:27 · in 86% of games
  • Advanced Construction Vehicle1 T2 con vehicle to Suicide front or Frontfirst at 8:48 · in 63% of games

You get

  • Advanced Construction Bot1 T2 con bot from Techfirst at 4:52 · in 94% of games

How it plays out

Typical game of this build, running totals by minute

Metal produced

020k40k
0:005:0010:0015:00

metal

Enemy metal destroyed

05k10k15k
0:005:0010:0015:00

metal

Own metal lost

02k4k6k
0:005:0010:0015:00

metal

1561 games.

Show as table
ByMetal produced: This buildEnemy metal destroyed: This buildOwn metal lost: This build
1:0033300
2:0086000
3:00152700
4:00267100
5:00369300
6:00563600
7:00801900
8:001134300
9:00144064384
10:0017270472200
11:00201101745520
12:002298036181605
13:002573058742970
14:002857482504419
15:0031347102095552
WHAT THE NUMBERS SAY

Standard Geo play wins about half its games while destroying the most enemy metal by 15:00 among the roles shown here.

  • + Enemy metal destroyed jumps to 10560 by 15:00, highest of all six builds.
  • + Starlight makes up 34% of army, delivering the long-range T2 push.
  • − Own metal lost reaches 5977 by 15:00 from the aggressive T2 push.
  • − First Starlight only arrives in 60% of games, a late or inconsistent push.
THE EXAMPLE YOU ARE READING

Vaticineur

33.7 OS · 14/10/2026

Open source match ↗

3 received units · includes a constructor
2746 metal received · 12903 energy received

Allied construction assistance is unknown. Timings are observations, not a promise of solo reproducibility.

Typical milestones

Bot Lab1:12Middle 50%: 0:58–1:21 · n=1560
Geothermal Powerplant3:29Middle 50%: 3:13–3:47 · n=1552
Advanced Metal Extractor5:38Middle 50%: 5:21–6:01 · n=1552
Vehicle Plant7:06Middle 50%: 6:39–7:32 · n=1508
Advanced Geothermal Powerplant7:11Middle 50%: 6:51–7:42 · n=1131
Advanced Vehicle Plant8:01Middle 50%: 7:40–8:33 · n=1443
Starlight9:04Middle 50%: 8:32–9:46 · n=1301

Played most by

0neTw0120games of this buildzeus_on_god119games of this buildXad53games of this buildTheGeneraI46games of this buildViltrum41games of this build